 Dungeon Crawl Stone Soup version 0.31-a0-198-g2ad674f65e (webtiles) character file.

Game seed: 3283744660334722694

510 Dylgear the Covered (level 7, -4/50 (55) HPs)
             Began as a Formicid Fighter on June 25, 2023.
             Slain by a wight
             ... wielding a +0 scimitar
              (5 damage)
             ... on level 3 of the Dungeon.
             The game lasted 00:07:27 (2918 turns).

Dylgear the Covered (Formicid Fighter)              Turns: 2918, Time: 00:07:27

HP:   -4/50 (55)    AC: 12    Str: 21    XL:     7   Next: 42%
MP:   7/7           EV: 10    Int:  7    God:
Gold: 177           SH:  5    Dex: 15    Spells: 6/6 levels left

rFire   . . .        a - +0 war axe
rCold   . . .        c - +0 buckler
rNeg    . . .        b - +0 scale mail
rPois   .            (helmet unavailable)
rElec   .            d - +1 cloak {Stlth+}
rCorr   .            e - +0 pair of gloves
SInv    +            l - +0 pair of boots
Will    .....        (no amulet)
Stlth   +            (no ring)
HPRegen 0.28/turn    (no ring)
MPRegen 0.10/turn

%: no passive effects
@: drained
A: permanent stasis, dig shafts and tunnels, antennae 3, four strong arms
a: Dig, Shaft Self


You were on level 3 of the Dungeon.
You visited 1 branch of the dungeon, and saw 4 of its levels.

You collected 177 gold pieces.

Inventory:

Hand Weapons
 a - a +0 war axe (weapon)
 k - a +0 mace
Armour
 b - a +0 scale mail (worn)
 c - a +0 buckler (worn)
 d - a +1 cloak of stealth (worn)
 e - a +0 pair of gloves (worn)
 g - a +0 cloak
 l - a +0 pair of boots (worn)
Jewellery
 f - a +6 ring of intelligence
Potions
 j - 2 potions of mutation


   Skills:
 + Level 4.3 Fighting
 * Level 5.1 Axes
 * Level 5.3 Armour
 + Level 1.3 Dodging
 + Level 0.1 Stealth
 * Level 5.0 Shields


You had 6 spell levels left.
You didn't know any spells.
Your spell library was empty.

Dungeon Overview and Level Annotations

Branches:
Dungeon (4/15)
 Temple: D:4-7

Altars:

Shops:
D:1 ?


Innate Abilities, Weirdness & Mutations

You cannot be hasted, slowed, berserked, paralysed or teleported.
You can dig through walls and to a lower floor.
You have a pair of large antennae on your head. (SInv)
Your four strong arms can wield two-handed weapons with a shield.


Message History

You closely miss the wight.
The wight is moderately damaged.
You block the wight's attack. The gnoll barely misses you.
You hit the wight but do no damage.
The wight is moderately damaged.
The wight hits you with a +0 scimitar!
* * * LOW HITPOINT WARNING * * *
You feel drained.
* * * LOW HITPOINT WARNING * * *
You block the gnoll's attack.
Unknown command.
Unknown command.
Unknown command.
Found 6 stones.
Found a stone staircase leading down.
The wight attacks as you move away! The wight hits you but does no damage.
The wight attacks as you move away! The wight hits you with a +0 scimitar.
* * * LOW HITPOINT WARNING * * *
The wight attacks as you move away! The wight barely misses you.
The wight attacks as you move away! The wight barely misses you.
The wight attacks as you move away! The wight closely misses you.
There is a stone staircase leading up here.
Your library has no spells.
Unknown command.
Unknown command.
You block the wight's attack.
You climb upwards.
There is a stone staircase leading down here.
Unknown command.
Unknown command.
Unknown command.
Unknown command.
You aren't carrying any scrolls.
Unknown command.
Okay, then.
You barely miss the wight.
The wight is lightly damaged.
The wight hits you with a +0 scimitar!
* * * LOW HITPOINT WARNING * * *
The wight hits you with a +0 scimitar.
You die...

.##.######.#
######............
.##.# #.#
#...?...########.#
.##.# #.# #.#####.# #.#
.##.### #.# #.#
#.########.# .##...#
#.# #.# #.[.....##.#
.####.# #.# #.#
#.#####.##.# .# #.# #.#
#.# #.# #.##.# .# #.#
#.# #.# #.# #.##.# .#
##.## #.# #@# ##.#
#.##.# .###...###.# #z#
#..# #.##..
.....#.....# #.# #.##
#..... ####...#####
##.## #.# ###### #...#
###...###.# ###.รทรท###
#.........#
##.......####.#...#####
#..........##.##..#
#........#.##.###.#


You could see a wight.

Vanquished Creatures
  Grinder (D:3)
  3 wights (D:4)
  Crazy Yiuf (D:3)
  Terence (D:2)
  A gnoll (D:4)
  3 adders (D:2)
  2 worms
  A dart slug (D:1)
  2 orcs (D:3)
  7 endoplasms
  3 giant cockroaches
  4 goblins
  4 hobgoblins
  2 jackals (D:3)
  A quokka (D:3)
  6 ball pythons
  4 bats
  2 frilled lizards
  5 kobolds
  5 rats
58 creatures vanquished.

Notes
Turn   | Place    | Note
-------+----------+-------------------------------------------
     0 | D:1      | Dylgear the Formicid Fighter began the quest for the Orb.
     0 | D:1      | Reached XP level 1. HP: 18/18 MP: 1/1
   106 | D:1      | Reached XP level 2. HP: 24/24 MP: 2/2
   240 | D:1      | Found The Oracle's Delphic Readings.
   689 | D:2      | Noticed Terence
   698 | D:2      | Killed Terence
   699 | D:2      | Reached XP level 3. HP: 17/29 MP: 3/3
   858 | D:2      | Reached XP level 4. HP: 35/35 MP: 4/4
  1680 | D:3      | Reached XP level 5. HP: 36/42 MP: 5/5
  1765 | D:3      | Found a runed translucent door.
  1765 | D:3      | Noticed Crazy Yiuf
  1778 | D:3      | Killed Crazy Yiuf
  1945 | D:3      | Identified the +3 ring mail of Honour {rElec rF+}
  2341 | D:3      | Noticed Grinder
  2379 | D:3      | Killed Grinder
  2380 | D:3      | Reached skill level 5 in Armour
  2380 | D:3      | Reached skill level 1 in Dodging
  2380 | D:3      | Reached XP level 6. HP: 26/48 MP: 6/6
  2861 | D:4      | Reached XP level 7. HP: 50/51 MP: 7/7
  2868 | D:4      | Reached skill level 5 in Axes
  2880 | D:4      | Reached skill level 5 in Shields
  2918 | D:3      | HP: 1/50 [wight/+0 scimitar (7)]
  2918 | D:3      | Slain by a wight

Illustrated notes

Levels and vault maps discovered:
D:1:      scummos_arrival_simple_fountains, layout_rooms, serial_corexii_hall,
          chequers_hall_statues_wall_a, chequers_hall_statues_corner_a,
          chequers_hall_statues_corner_a, corexii_hall_statues_l,
          nicolae_nh_oracle_at_delphi
D:2:      layout_loops_cross, uniq_terence
D:3:      minmay_bubble_buster, layout_loops_ring, uniq_grinder,
          uniq_crazy_yiuf_cottage
D:4:      layout_basic, yredelemnul_forgotten_temple_becter,
          portal_sewer_entry_b

Skill      XL: |  1  2  3  4  5  6  7 |
---------------+----------------------+-----
Armour         | 4 5 |  5.3
Axes           | 3 4 5 |  5.1
Fighting       | 4 |  4.3
Dodging        | 1 |  1.3
Shields        | 5 |  5.0
Stealth        | |  0.1

Action                     |  1- 3 |  4- 6 |  7- 9 || total
---------------------------+-------+-------+-------++-------
  Melee: War axe           |    60 |   147 |    40 ||   247
    Use: Scroll            |       |     7 |       ||     7
         Potion            |       |     2 |     2 ||     4
 Armour: Scale mail        |    25 |    82 |    18 ||   125
         Skin              |       |     9 |    12 ||    21
  Dodge: Dodged            |    23 |    63 |    18 ||   104
  Block: Buckler           |    15 |    44 |    19 ||    78

Table legend: (Time is in decaauts)
 A = Elapsed time spent in this place.
 B = Non-inter-level travel time spent in this place.
 C = Inter-level travel time spent in this place.
 D = Time resting spent in this place.
 E = Time spent auto-exploring this place.
 F = Levels seen in this place.
 G = Mean time per level.
                   A        B        C        D        E       F      G
               +--------+--------+--------+--------+--------+-----+--------+
         Total |   3009 |   2844 |    165 |    345 |   1643 |   4 |  752.2 |
       Dungeon |   3009 |   2844 |    165 |    345 |   1643 |   4 |  752.2 |
               +--------+--------+--------+--------+--------+-----+--------+

Top non-repeatable levels by time:
     D:3: 1335 daAuts
     D:2: 823 daAuts
     D:1: 700 daAuts
     D:4: 151 daAuts
